3206 views
Uploaded 2020-04-13 17:38:27
Game version 1.32.3
11:51 long 3on3 ladder game on (6)TimbermawHold
Saved by BEARAND
3206 views
Uploaded 2020-04-13 17:38:27
Game version 1.32.3
11:51 long 3on3 ladder game on (6)TimbermawHold


46 units @ 5.3k
/ 0.5k
38 buildings @ 5.4k
/ 2.5k


| Potion of Healing | 2 | 300 |
| total: | 2 | 300g |
| Peon | 9 | 675 | / | 0 |
| Grunt | 1 | 200 | / | 0 |
| Troll Headhunter | 3 | 420 | / | 60 |
| total: | 13 | 1295g | / | 60w |
| Watch Tower | 3 | 330 | / | 240 |
| Barracks | 1 | 180 | / | 50 |
| Orc Burrow | 4 | 640 | / | 160 |
| Altar of Storms | 1 | 180 | / | 50 |
| War Mill | 1 | 205 | / | 0 |
| Tauren Totem | 1 | 135 | / | 155 |
| Spirit Lodge | 1 | 150 | / | 150 |
| Stronghold | 1 | 315 | / | 190 |
| Fortress | 1 | 325 | / | 190 |
| total: | 12 | 1820g | / | 805w |
| 0:03 | Peon |
| 0:03 | Peon |
| 0:03 | Peon |
| 0:20 | Barracks |
| 0:28 | Orc Burrow |
| 0:40 | Altar of Storms |
| 0:51 | Peon |
| 0:58 | Peon |
| 1:09 | Peon |
| 1:31 | Grunt |
| 1:34 | Peon |
| 1:35 | Peon |
| 1:52 | Orc Burrow |
| 2:21 | War Mill |
| 2:47 | Endurance Aura |
| 3:01 | Peon |
| 3:41 | Troll Headhunter |
| 3:41 | Troll Headhunter |
| 4:23 | Watch Tower |
| 4:26 | Watch Tower |
| 4:30 | Stronghold |
| 4:32 | Troll Headhunter |
| 6:16 | Watch Tower |
| 6:35 | Potion of Healing |
| 6:37 | Potion of Healing |
| 7:09 | Tauren Totem |
| 7:21 | Spirit Lodge |
| 9:17 | Wind Walk |
| 9:25 | Shaman Adept Training |
| 9:25 | Witch Doctor Adept Training |
| 9:29 | Orc Burrow |
| 10:11 | Fortress |
| 10:17 | Orc Burrow |
| Right click | 453 |
| Select group | 204 |
| Select | 88 |
| Build/train/purchase | 25 |
| Resource trade | 11 |
| Assign group | 7 |
| Minimap ping | 3 |
| Use ability | 2 |
| Misc. action | 1 |
| Esc | 1 |


| Orb of Lightning | 1 | 375 |
| Potion of Healing | 2 | 300 |
| Scroll of Speed | 1 | 50 |
| total: | 4 | 725g |
| Peon | 17 | 1275 | / | 0 |
| Tauren | 3 | 840 | / | 240 |
| Shaman | 2 | 260 | / | 40 |
| total: | 22 | 2375g | / | 280w |
| Watch Tower | 2 | 220 | / | 160 |
| Altar of Storms | 1 | 180 | / | 50 |
| Orc Burrow | 6 | 960 | / | 240 |
| War Mill | 1 | 205 | / | 0 |
| Voodoo Lounge | 1 | 130 | / | 30 |
| Spirit Lodge | 1 | 150 | / | 150 |
| Tauren Totem | 2 | 270 | / | 310 |
| Stronghold | 1 | 315 | / | 190 |
| Fortress | 1 | 325 | / | 190 |
| total: | 14 | 2115g | / | 940w |
| 0:01 | Peon |
| 0:01 | Peon |
| 0:18 | Altar of Storms |
| 0:23 | Orc Burrow |
| 0:31 | Peon |
| 0:37 | Peon |
| 0:41 | Peon |
| 0:49 | Peon |
| 1:04 | Peon |
| 1:22 | Peon |
| 1:22 | Peon |
| 1:28 | Peon |
| 1:45 | War Mill |
| 1:50 | Peon |
| 2:12 | Orc Burrow |
| 2:23 | Critical Strike |
| 2:34 | Stronghold |
| 2:49 | Voodoo Lounge |
| 2:59 | Watch Tower |
| 3:01 | Spiked Barricades |
| 4:20 | Watch Tower |
| 4:26 | Orc Burrow |
| 4:59 | Peon |
| 4:59 | Peon |
| 5:22 | Peon |
| 5:53 | Peon |
| 6:06 | Spirit Lodge |
| 6:08 | Fortress |
| 6:14 | Hex |
| 7:23 | Shaman Adept Training |
| 7:30 | Orc Burrow |
| 7:53 | Wind Walk |
| 8:05 | Tauren Totem |
| 8:32 | Tauren Totem |
| 8:38 | Peon |
| 8:38 | Peon |
| 8:47 | Shaman Master Training |
| 8:50 | Orb of Lightning |
| 8:51 | Potion of Healing |
| 8:51 | Potion of Healing |
| 9:00 | Scroll of Speed |
| 9:16 | Steel Melee Weapons |
| 9:16 | Steel Armor |
| 9:25 | Tauren |
| 9:27 | Shaman |
| 10:00 | Tauren |
| 10:06 | Tauren |
| 10:07 | Shaman |
| 10:19 | Pulverize |
| 10:31 | Orc Burrow |
| 10:47 | Orc Burrow |
| Right click | 174 |
| Select | 169 |
| Build/train/purchase | 51 |
| Select group | 39 |
| Chat | 28 |
| Minimap ping | 14 |
| Assign group | 10 |
| Use ability | 8 |
| Misc. action | 2 |
| Item give/drop | 2 |

| Scroll of Regeneration | 2 | 200 |
| Lesser Clarity Potion | 4 | 280 |
| Mechanical Critter | 1 | 50 |
| Ivory Tower | 2 | 80 |
| Scroll of Town Portal | 2 | 700 |
| total: | 11 | 1310g |
| Peasant | 5 | 375 | / | 0 |
| Rifleman | 6 | 1230 | / | 180 |
| total: | 11 | 1605g | / | 180w |
| Scout Tower | 1 | 30 | / | 20 |
| Arcane Tower | 1 | 70 | / | 50 |
| Altar of Kings | 1 | 180 | / | 50 |
| Farm | 3 | 240 | / | 60 |
| Arcane Vault | 1 | 130 | / | 30 |
| Barracks | 1 | 160 | / | 60 |
| Lumber Mill | 1 | 120 | / | 0 |
| Blacksmith | 1 | 140 | / | 60 |
| Gryphon Aviary | 2 | 280 | / | 300 |
| Arcane Sanctum | 1 | 150 | / | 140 |
| Keep | 1 | 320 | / | 210 |
| Castle | 1 | 360 | / | 210 |
| total: | 12 | 1430g | / | 720w |
| 0:14 | Peasant |
| 0:15 | Peasant |
| 0:24 | Altar of Kings |
| 0:33 | Scout Tower |
| 0:40 | Farm |
| 0:56 | Peasant |
| 1:02 | Arcane Tower |
| 1:22 | Arcane Vault |
| 1:41 | Peasant |
| 1:54 | Barracks |
| 2:17 | Peasant |
| 2:55 | Lumber Mill |
| 3:00 | Scroll of Regeneration |
| 3:01 | Lesser Clarity Potion |
| 3:01 | Lesser Clarity Potion |
| 3:02 | Mechanical Critter |
| 3:24 | Summon Water Elemental |
| 4:17 | Blacksmith |
| 4:28 | Keep |
| 4:38 | Farm |
| 4:42 | Farm |
| 5:17 | Improved Masonry |
| 6:00 | Black Gunpowder |
| 6:02 | Rifleman |
| 7:11 | Castle |
| 7:14 | Rifleman |
| 7:17 | Rifleman |
| 8:27 | Rifleman |
| 8:30 | Advanced Masonry |
| 8:35 | Improved Lumber Harvesting |
| 8:38 | Lesser Clarity Potion |
| 8:39 | Scroll of Town Portal |
| 8:39 | Ivory Tower |
| 8:39 | Ivory Tower |
| 8:56 | Gryphon Aviary |
| 9:01 | Gryphon Aviary |
| 9:03 | Rifleman |
| 9:33 | Scroll of Regeneration |
| 9:34 | Lesser Clarity Potion |
| 9:44 | Arcane Sanctum |
| 10:04 | Scroll of Town Portal |
| 10:22 | Rifleman |
| 10:28 | Cloud |
| 11:27 | Blizzard |
| Right click | 158 |
| Select | 93 |
| Build/train/purchase | 47 |
| Use ability | 5 |
54 units @ 4k
/ 0k
109 buildings @ 8.2k
/ 4.2k


| Boots of Speed | 1 | 250 |
| Staff of Teleportation | 1 | 150 |
| total: | 2 | 400g |
| Peasant | 22 | 1650 | / | 0 |
| total: | 22 | 1650g | / | 0w |
| Scout Tower | 29 | 870 | / | 580 |
| Arcane Tower | 4 | 280 | / | 200 |
| Guard Tower | 14 | 980 | / | 700 |
| Altar of Kings | 1 | 180 | / | 50 |
| Lumber Mill | 1 | 120 | / | 0 |
| Farm | 4 | 320 | / | 80 |
| Arcane Vault | 1 | 130 | / | 30 |
| Town Hall | 1 | 385 | / | 205 |
| Arcane Sanctum | 1 | 150 | / | 140 |
| Keep | 1 | 320 | / | 210 |
| Castle | 2 | 720 | / | 420 |
| total: | 38 | 2155g | / | 1085w |
| 0:01 | Peasant |
| 0:03 | Altar of Kings |
| 0:07 | Peasant |
| 0:18 | Lumber Mill |
| 0:21 | Peasant |
| 0:25 | Farm |
| 0:27 | Peasant |
| 0:48 | Peasant |
| 0:54 | Farm |
| 1:08 | Peasant |
| 1:17 | Peasant |
| 1:19 | Peasant |
| 1:22 | Improved Masonry |
| 1:30 | Scout Tower |
| 1:34 | Scout Tower |
| 1:36 | Peasant |
| 1:56 | Peasant |
| 1:59 | Arcane Tower |
| 2:03 | Arcane Vault |
| 2:05 | Holy Light |
| 2:11 | Peasant |
| 2:14 | Scout Tower |
| 2:35 | Peasant |
| 2:38 | Scout Tower |
| 3:05 | Peasant |
| 3:07 | Guard Tower |
| 3:10 | Peasant |
| 3:28 | Peasant |
| 3:29 | Guard Tower |
| 3:31 | Scout Tower |
| 3:31 | Scout Tower |
| 3:57 | Boots of Speed |
| 3:57 | Staff of Teleportation |
| 4:02 | Keep |
| 4:28 | Guard Tower |
| 4:31 | Scout Tower |
| 4:32 | Scout Tower |
| 4:49 | Divine Shield |
| 5:00 | Scout Tower |
| 5:37 | Guard Tower |
| 5:38 | Scout Tower |
| 5:39 | Scout Tower |
| 6:08 | Arcane Tower |
| 6:12 | Scout Tower |
| 6:15 | Farm |
| 6:35 | Castle |
| 6:55 | Guard Tower |
| 6:56 | Guard Tower |
| 7:01 | Holy Light |
| 7:05 | Town Hall |
| 7:08 | Scout Tower |
| 7:14 | Peasant |
| 7:14 | Peasant |
| 7:24 | Scout Tower |
| 7:26 | Scout Tower |
| 7:35 | Arcane Tower |
| 7:41 | Scout Tower |
| 7:50 | Scout Tower |
| 7:58 | Farm |
| 8:02 | Scout Tower |
| 8:12 | Healing Spray |
| 8:15 | Guard Tower |
| 8:18 | Guard Tower |
| 8:46 | Guard Tower |
| 8:47 | Scout Tower |
| 8:48 | Scout Tower |
| 8:49 | Peasant |
| 8:49 | Peasant |
| 8:56 | Advanced Masonry |
| 8:56 | Improved Lumber Harvesting |
| 8:59 | Arcane Sanctum |
| 9:30 | Guard Tower |
| 9:31 | Scout Tower |
| 9:32 | Scout Tower |
| 9:32 | Scout Tower |
| 9:33 | Scout Tower |
| 9:59 | Castle |
| 10:04 | Guard Tower |
| 10:12 | Magic Sentry |
| 10:27 | Scout Tower |
| 10:28 | Peasant |
| 10:28 | Peasant |
| 10:29 | Arcane Tower |
| 10:49 | Guard Tower |
| 11:03 | Guard Tower |
| 11:06 | Scout Tower |
| 11:07 | Scout Tower |
| 11:09 | Peasant |
| 11:20 | Guard Tower |
| 11:22 | Scout Tower |
| 11:23 | Scout Tower |
| 11:31 | Chemical Rage |
| Right click | 605 |
| Assign group | 338 |
| Select group | 249 |
| Select | 199 |
| Build/train/purchase | 66 |
| Chat | 24 |
| Use ability | 20 |
| Item give/drop | 2 |
| Misc. action | 1 |
| Remove unit | 1 |


| Healing Salve | 2 | 200 |
| Lesser Clarity Potion | 2 | 140 |
| Orb of Lightning | 1 | 375 |
| Staff of Teleportation | 1 | 150 |
| total: | 6 | 865g |
| Peon | 11 | 825 | / | 0 |
| total: | 11 | 825g | / | 0w |
| Watch Tower | 15 | 1650 | / | 1200 |
| Altar of Storms | 1 | 180 | / | 50 |
| Orc Burrow | 3 | 480 | / | 120 |
| War Mill | 1 | 205 | / | 0 |
| Voodoo Lounge | 3 | 390 | / | 90 |
| Great Hall | 2 | 770 | / | 370 |
| Stronghold | 1 | 315 | / | 190 |
| Fortress | 1 | 325 | / | 190 |
| total: | 25 | 3675g | / | 1830w |
| 0:00 | Peon |
| 0:04 | Altar of Storms |
| 0:08 | Peon |
| 0:16 | Orc Burrow |
| 0:20 | Peon |
| 0:36 | War Mill |
| 0:46 | Peon |
| 0:56 | Peon |
| 1:12 | Peon |
| 1:27 | Peon |
| 1:33 | Voodoo Lounge |
| 1:36 | Peon |
| 1:50 | Peon |
| 2:08 | Peon |
| 2:10 | Wind Walk |
| 2:16 | Peon |
| 2:24 | Watch Tower |
| 3:09 | Pillage |
| 3:15 | Orc Burrow |
| 3:18 | Watch Tower |
| 3:40 | Watch Tower |
| 4:49 | Watch Tower |
| 4:51 | Watch Tower |
| 4:57 | Stronghold |
| 5:02 | Voodoo Lounge |
| 5:03 | Voodoo Lounge |
| 5:12 | Healing Salve |
| 5:12 | Lesser Clarity Potion |
| 5:16 | Lesser Clarity Potion |
| 5:16 | Healing Salve |
| 5:31 | Watch Tower |
| 5:33 | Watch Tower |
| 5:39 | Orc Burrow |
| 6:00 | Critical Strike |
| 6:18 | Watch Tower |
| 6:20 | Watch Tower |
| 7:09 | Staff of Teleportation |
| 7:33 | Fortress |
| 8:14 | Great Hall |
| 8:15 | Watch Tower |
| 10:01 | Wind Walk |
| 10:05 | Hex |
| 10:08 | Reinforced Defenses |
| 10:10 | Orb of Lightning |
| 10:13 | Great Hall |
| 10:18 | Watch Tower |
| 11:08 | Watch Tower |
| 11:19 | Watch Tower |
| 11:26 | Watch Tower |
| 11:27 | Watch Tower |
| Right click | 772 |
| Assign group | 216 |
| Select | 190 |
| Select group | 169 |
| Build/train/purchase | 43 |
| Use ability | 13 |
| Minimap ping | 5 |
| Item give/drop | 1 |
| Remove unit | 1 |


| Scroll of Regeneration | 1 | 100 |
| Potion of Mana | 2 | 400 |
| Staff of Teleportation | 1 | 150 |
| Boots of Speed | 1 | 250 |
| Orb of Lightning | 1 | 375 |
| Healing Salve | 2 | 200 |
| total: | 8 | 1475g |
| Peasant | 21 | 1575 | / | 0 |
| total: | 21 | 1575g | / | 0w |
| Scout Tower | 37 | 1110 | / | 740 |
| Arcane Tower | 3 | 210 | / | 150 |
| Guard Tower | 29 | 2030 | / | 1450 |
| Altar of Kings | 1 | 180 | / | 50 |
| Farm | 4 | 320 | / | 80 |
| Lumber Mill | 1 | 120 | / | 0 |
| Arcane Vault | 1 | 130 | / | 30 |
| Town Hall | 1 | 385 | / | 205 |
| Arcane Sanctum | 1 | 150 | / | 140 |
| Keep | 1 | 320 | / | 210 |
| total: | 46 | 2395g | / | 1245w |
| 0:01 | Peasant |
| 0:01 | Peasant |
| 0:06 | Altar of Kings |
| 0:17 | Farm |
| 0:22 | Peasant |
| 0:36 | Peasant |
| 0:39 | Lumber Mill |
| 0:55 | Peasant |
| 1:07 | Peasant |
| 1:15 | Peasant |
| 1:18 | Farm |
| 1:20 | Scout Tower |
| 1:23 | Scout Tower |
| 1:26 | Peasant |
| 1:34 | Peasant |
| 1:36 | Peasant |
| 1:46 | Arcane Tower |
| 1:57 | Peasant |
| 2:07 | Blizzard |
| 2:10 | Scout Tower |
| 2:11 | Guard Tower |
| 2:31 | Scout Tower |
| 2:32 | Scout Tower |
| 2:32 | Peasant |
| 2:33 | Peasant |
| 2:33 | Peasant |
| 2:39 | Arcane Vault |
| 2:50 | Guard Tower |
| 3:45 | Town Hall |
| 3:49 | Scout Tower |
| 3:49 | Scout Tower |
| 3:51 | Scout Tower |
| 3:55 | Guard Tower |
| 4:20 | Staff of Teleportation |
| 4:20 | Boots of Speed |
| 4:29 | Arcane Tower |
| 4:30 | Guard Tower |
| 4:43 | Guard Tower |
| 5:06 | Brilliance Aura |
| 5:08 | Peasant |
| 5:11 | Scout Tower |
| 5:11 | Scout Tower |
| 5:12 | Scout Tower |
| 5:12 | Scout Tower |
| 5:12 | Scout Tower |
| 5:14 | Guard Tower |
| 5:35 | Keep |
| 5:39 | Scout Tower |
| 5:40 | Scout Tower |
| 5:40 | Scout Tower |
| 5:42 | Scout Tower |
| 5:43 | Scout Tower |
| 6:25 | Guard Tower |
| 6:34 | Guard Tower |
| 6:34 | Guard Tower |
| 6:38 | Farm |
| 6:38 | Scout Tower |
| 6:39 | Scout Tower |
| 6:40 | Scout Tower |
| 6:42 | Farm |
| 6:42 | Scout Tower |
| 6:43 | Scout Tower |
| 6:43 | Scout Tower |
| 6:54 | Guard Tower |
| 7:10 | Scout Tower |
| 7:11 | Improved Masonry |
| 7:12 | Advanced Masonry |
| 7:24 | Guard Tower |
| 7:30 | Scroll of Regeneration |
| 7:35 | Guard Tower |
| 8:24 | Guard Tower |
| 8:27 | Improved Lumber Harvesting |
| 8:27 | Advanced Lumber Harvesting |
| 8:28 | Peasant |
| 8:28 | Peasant |
| 8:28 | Peasant |
| 8:28 | Peasant |
| 8:29 | Peasant |
| 8:29 | Peasant |
| 8:55 | Guard Tower |
| 8:57 | Scout Tower |
| 8:58 | Scout Tower |
| 8:58 | Scout Tower |
| 9:08 | Guard Tower |
| 9:18 | Storm Bolt |
| 9:26 | Guard Tower |
| 9:26 | Guard Tower |
| 9:31 | Scout Tower |
| 9:32 | Scout Tower |
| 9:32 | Scout Tower |
| 9:33 | Scout Tower |
| 9:33 | Scout Tower |
| 9:33 | Scout Tower |
| 9:52 | Guard Tower |
| 9:52 | Guard Tower |
| 9:53 | Guard Tower |
| 10:05 | Orb of Lightning |
| 10:05 | Healing Salve |
| 10:15 | Healing Salve |
| 10:43 | Blizzard |
| 10:46 | Guard Tower |
| 10:49 | Scout Tower |
| 10:49 | Scout Tower |
| 10:50 | Scout Tower |
| 10:51 | Guard Tower |
| 10:54 | Arcane Sanctum |
| 11:50 | Potion of Mana |
| 11:50 | Potion of Mana |
| Right click | 1069 |
| Select | 251 |
| Select group | 132 |
| Build/train/purchase | 102 |
| Chat | 37 |
| Use ability | 16 |
| Assign group | 11 |
| Misc. action | 9 |
| Minimap ping | 5 |
| Item give/drop | 3 |
⇛